 Dungeon Crawl Stone Soup version 0.28.0-53-g5a82cb258f (webtiles) character file.

Game seed: 2547385550750332961

32456 cbfl8 the Cleaver (level 13, 0/178 HPs)
             Began as a Minotaur Berserker on July 26, 2022.
             Was an Elder of Trog.
             Slain by a stone giant zombie (22 damage)
             ... on level 15 of the Dungeon.
             The game lasted 00:25:42 (21222 turns).

cbfl8 the Cleaver (Minotaur Berserker)             Turns: 21222, Time: 00:25:43

Health: 0/178      AC: 15    Str: 22    XL:     13   Next: 31%
Magic:  4/4        EV: 12    Int: 10    God:    Trog [****..]
Gold:   715        SH:  0    Dex: 21    Spells: 12/12 levels left

rFire   + . .      SeeInvis .   O - +4 executioner's axe (antimagic)
rCold   + . .      Faith    +   (shield currently unavailable)
rNeg    + . .      Spirit   .   D - +0 plate armour
rPois   +          Reflect  .   L - -2 hat of the Alchemist {rElec rPois rF+ rC+ rN+ Will+ rMut rCorr}
rElec   +          Harm     .   b - +0 cloak
rCorr   +          Rampage  .   r - +0 pair of gloves
rMut    +                       (no boots)
Will    +....                   q - amulet of faith
Stlth   ..........              h - +6 ring of intelligence
HPRegen 0.39/turn               n - +6 ring of dexterity
MPRegen 0.09/turn

@: berserking, very quick
A: horns 2, retaliatory headbutt
a: Renounce Religion, Berserk, Trog's Hand, Brothers in Arms


You were on level 15 of the Dungeon.
You worshipped Trog.
Trog was greatly pleased with you.
You visited 1 branch of the dungeon, and saw 14 of its levels.
You also visited: Sewer.

You collected 715 gold pieces.

Inventory:

Hand Weapons
 a - a +0 battleaxe
 m - a +0 antimagic dagger
 O - a +4 antimagic executioner's axe (weapon)
Armour
 b - a +0 cloak (worn)
 r - a +0 pair of gloves (worn)
 D - a +0 plate armour (worn)
 L - the -2 hat of the Alchemist (worn) {rElec rPois rF+ rC+ rN+ Will+ rMut rCorr}
   (You found it on level 10 of the Dungeon)

   rF:        It protects you from fire.
   rC:        It protects you from cold.
   rElec:     It insulates you from electricity.
   rPois:     It protects you from poison.
   rN:        It protects you from negative energy.
   rCorr:     It protects you from acid and corrosion.
   rMut:      It protects you from mutation.
   Will:      It increases your willpower.
Jewellery
 h - a +6 ring of intelligence (left hand)
 n - a +6 ring of dexterity (right hand)
 q - an amulet of faith (around neck)
 y - a ring of resist corrosion
 K - an amulet of magic regeneration
 M - a ring of flight
Wands
 f - a wand of paralysis (1) (quivered)
 p - a wand of flame (28)
 w - a wand of iceblast (15)
 C - a wand of mindburst (10)
Scrolls
 c - 4 scrolls of magic mapping
 d - 4 scrolls of enchant armour
 g - 2 scrolls of fog
 l - 3 scrolls of noise
 z - 2 scrolls of enchant weapon
 A - 2 scrolls of acquirement {unknown}
 E - 2 scrolls of immolation {unknown}
 N - a scroll of fear {unknown}
Potions
 i - a potion of curing
 j - a potion of brilliance {unknown}
 o - 2 potions of invisibility
 u - a potion of cancellation
 B - a potion of haste
 F - a potion of resistance {unknown}
 G - a potion of might {unknown}
 H - 2 potions of flight {unknown}
 I - 2 potions of degeneration {unknown}
 J - a potion of mutation {unknown}


   Skills:
 * Level 12.9 Fighting
 + Level 0.3 Short Blades
 + Level 14.7 Axes
 + Level 10.8 Armour
 * Level 9.5 Dodging
 * Level 7.5 Stealth
 * Level 7.4 Evocations


You had 12 spell levels left.
You didn't know any spells.
Your spell library was empty.

Dungeon Overview and Level Annotations

Branches:
Dungeon (15/15)            Temple (0/1) D:4            Lair (0/6) D:9
    Orc (0/2) D:11         Depths (0/4) D:15          Sewer (visited)
 Vaults: D:13-14

Altars:
Ashenzari
Fedhas
Hepliaklqana
Qazlal
Sif Muna
Trog
Wu Jian

Shops:
D:6 (


Innate Abilities, Weirdness & Mutations

You have a pair of horns on your head.
You reflexively headbutt those who attack you in melee.


Message History

You closely miss the vampire mage. You headbutt the vampire mage.
The vampire mage is severely damaged.
You slash the vampire!
The vampire's magic leaks into the air.
You slash the stone giant zombie! You closely miss the freezing wraith.
The freezing wraith hits you but does no damage. x2
You hit the vampire mage.
The vampire mage's magic leaks into the air.
The vampire mage is almost destroyed.
You hit the vampire.
The vampire's magic leaks into the air.
You hit the stone giant zombie. You closely miss the freezing wraith.
The vampire barely misses you. The vampire closely misses you.
The vampire mage falters for a moment.
The stone giant zombie hits you!
* * * LOW HITPOINT WARNING * * *
The freezing wraith hits you but does no damage.
The freezing wraith misses you.
Unknown command.
You slash the vampire mage!
You feel the power of Trog in you as your rage grows.
You destroy the vampire mage!
Trog accepts your kill.
Trog appreciates your killing of a magic user.
The freezing wraith disappears in a puff of smoke!
The vampire disappears in a puff of smoke!
You hit the stone giant zombie.
The stone giant zombie hits you but does no damage.
You slice the orc priest!!
You kill the orc priest!
Trog accepts your kill.
You slice the stone giant zombie!! You slash the stone giant zombie!
You headbutt the stone giant zombie!!
The stone giant zombie is heavily damaged.
The stone giant zombie hits you.
* * * LOW HITPOINT WARNING * * *
You slash the stone giant zombie!
The stone giant zombie is heavily damaged.
You slice the stone giant zombie!!
You headbutt the stone giant zombie, but do no damage.
The stone giant zombie is almost destroyed.
The stone giant zombie hits you!!
You die...

>.8.... #.##.##.###
z.....8.P# #.#...#.#
..8......# #.......#
.8.......#####.......# #
.............#.......# #
.....................###
..........).............
......[)Z.....##...#####
###..@.....####.## #
#..$###### #รท## # #...#
###..##### #...#
#......... #...#
#.##.#..## #...#
#.##)#..## ...##
#.##...... ###.
#.####u.## #. #.####..##


You could see a skeletal warrior and a stone giant zombie.

Vanquished Creatures
  3 boulder beetles
  Erolcha (D:9)
  A hydra (D:12)
  3 two-headed ogres
  3 centaur warriors
  A vampire mage (D:15)
  A shadow dragon zombie (D:15)
  A wizard (D:11)
  2 deep elf pyromancers (D:12)
  An orc knight (D:15)
  A necromancer (D:15)
  A shadow dragon skeleton (D:15)
  9 ugly things
  3 cyclopes
  The ghost of bronco the Jinx, a novice HuEn (D:6)
  A manticore (D:11)
  A kobold demonologist (D:10)
  4 gargoyles
  2 unseen horrors (D:10)
  An efreet (D:13)
  A freezing wraith (D:13)
  Psyche (D:8)
  4 trolls
  A hornet (D:10)
  A slime creature (D:11)
  2 vampires (D:10)
  A shadow (D:11)
  23 yaks
  3 wyverns
  3 steam dragons
  7 vampire mosquitoes (D:12)
  2 wargs (D:11)
  A water moccasin (Sewer)
  A hornet zombie (D:7)
  An ice beast (D:8)
  13 orc warriors
  2 sky beasts
  2 black bears
  6 necrophages
  3 ogres
  2 centaurs
  2 phantoms (D:7)
  9 kobold brigands
  2 bullfrogs
  A gnoll sergeant (D:7)
  A water moccasin skeleton (D:5)
  2 wights (D:10)
  10 killer bees (D:9)
  4 howler monkeys
  A bullfrog zombie (D:5)
  6 centaur zombies
  5 hounds
  A jelly (D:5)
  A centaur skeleton (D:4)
  9 orc priests
  Terence (D:3)
  An iguana (D:5)
  16 orc wizards
  A killer bee zombie (D:6)
  4 gnolls (D:7)
  A river rat (D:6)
  8 adders
  2 white imps
  An ufetubus (D:6)
  2 adder skeletons (D:4)
  A worm (D:2)
  2 dart slugs (D:4)
  44 orcs
  7 ball pythons
  6 endoplasms
  3 giant cockroaches
  8 hobgoblins
  6 jackals
  5 quokkas
  11 bats
  4 frilled lizards
  8 goblins
  16 kobolds
  7 rats
340 creatures vanquished.

Vanquished Creatures (collateral kills)
  A boulder beetle (D:15)
1 creature vanquished.

Vanquished Creatures (others)
  A human (D:13)
  A shadow imp (D:6)
  14 withered plants (D:15)
16 creatures vanquished.

Grand Total: 357 creatures vanquished

Notes
Turn   | Place    | Note
-------+----------+-------------------------------------------
     0 | D:1      | cbfl8 the Minotaur Berserker began the quest for the Orb.
     0 | D:1      | Reached XP level 1. HP: 19/19 MP: 0/0
    35 | D:1      | Found a faded altar of an unknown god.
   215 | D:1      | Reached skill level 4 in Axes
   279 | D:1      | Reached XP level 2. HP: 19/27 MP: 1/1
  1474 | D:2      | Reached XP level 3. HP: 33/33 MP: 2/2
  1600 | D:2      | Reached ** piety under Trog
  2252 | D:3      | Reached XP level 4. HP: 40/41 MP: 3/3
  2256 | D:3      | Found a glowing drain.
  2278 | Sewer    | Entered a sewer
  2324 | Sewer    | Noticed a water moccasin
  2334 | Sewer    | Killed a water moccasin
  2335 | Sewer    | Reached skill level 5 in Axes
  2335 | Sewer    | Reached skill level 1 in Stealth
  2335 | Sewer    | Reached XP level 5. HP: 47/47 MP: 4/4
  2645 | D:3      | Noticed Terence
  2651 | D:3      | Killed Terence
  2652 | D:3      | Reached skill level 5 in Fighting
  2797 | D:3      | Reached XP level 6. HP: 56/56 MP: 5/5
  2802 | D:3      | Reached *** piety under Trog
  3252 | D:4      | Found a staircase to the Ecumenical Temple.
  3271 | D:4      | Reached skill level 6 in Axes
  3367 | D:4      | Noticed an orc warrior
  3377 | D:4      | Killed an orc warrior
  3378 | D:4      | Reached skill level 1 in Evocations
  3381 | D:4      | Reached XP level 7. HP: 61/61 MP: 6/6
  3965 | D:4      | Reached skill level 7 in Axes
  4230 | D:5      | Entered Level 5 of the Dungeon
  4237 | D:5      | Reached **** piety under Trog
  4238 | D:5      | Reached XP level 8. HP: 63/70 MP: 7/7
  4948 | D:5      | Reached skill level 5 in Armour
  5227 | D:5      | Reached skill level 8 in Axes
  6308 | D:6      | Found a runed translucent door.
  6327 | D:6      | Reached skill level 5 in Dodging
  6461 | D:6      | Reached XP level 9. HP: 79/79 MP: 8/8
  6596 | D:6      | Reached skill level 9 in Axes
  6935 | D:6      | Found Xuerynk's Weapon Emporium.
  7560 | D:6      | Noticed bronco's ghost (novice HuEn)
  7617 | D:6      | Found a runed translucent door.
  7682 | D:6      | Killed bronco's ghost
  7683 | D:6      | Reached skill level 10 in Axes
  7804 | D:7      | Reached XP level 10. HP: 88/88 MP: 9/9
  9405 | D:8      | Reached ***** piety under Trog
  9578 | D:8      | Noticed a two-headed ogre
  9585 | D:8      | Killed a two-headed ogre
  9586 | D:8      | Reached skill level 11 in Axes
  9782 | D:8      | Noticed Psyche
  9788 | D:8      | Killed Psyche
  9789 | D:8      | Reached skill level 5 in Stealth
 10199 | D:9      | Reached skill level 5 in Evocations
 10282 | D:9      | Found a staircase to the Lair.
 10716 | D:9      | Reached XP level 11. HP: 63/97 MP: 10/10
 10973 | D:9      | Noticed Erolcha
 10980 | D:9      | Killed Erolcha
 11206 | D:9      | Reached skill level 12 in Axes
 11418 | D:10     | Entered Level 10 of the Dungeon
 11433 | D:10     | Found a blossoming altar of Fedhas.
 11436 | D:10     | Found a bloodstained altar of Trog.
 11439 | D:10     | Found a hazy altar of Hepliaklqana.
 11442 | D:10     | Found a shimmering blue altar of Sif Muna.
 11552 | D:10     | Noticed a centaur warrior
 11568 | D:10     | Killed a centaur warrior
 12240 | D:10     | Reached skill level 10 in Fighting
 12760 | D:10     | Found a stormy altar of Qazlal.
 12844 | D:10     | Found a broken altar of Ashenzari.
 12844 | D:10     | Found an ornate altar of the Wu Jian Council.
 12919 | D:10     | Noticed a two-headed ogre
 13421 | D:10     | Killed a two-headed ogre
 14030 | D:10     | Found the -2 hat of the Alchemist {rElec rPois rF+ rC+ rN+
                  | Will+ rMut rCorr}
 14634 | D:11     | Found a staircase to the Orcish Mines.
 14993 | D:11     | Noticed a centaur warrior
 15298 | D:11     | Killed a centaur warrior
 15566 | D:11     | Reached skill level 13 in Axes
 16035 | D:11     | Noticed a boulder beetle
 16176 | D:11     | Reached XP level 12. HP: 101/110 MP: 11/11
 16230 | D:11     | Received a gift from Trog
 17105 | D:11     | Killed a boulder beetle
 17959 | D:12     | Identified the +1 ring mail "Cyjiw" {Slay+3}
 18002 | D:12     | Noticed an eight-headed hydra
 18005 | D:12     | Noticed a two-headed ogre
 18011 | D:12     | Killed an eight-headed hydra
 18012 | D:12     | Reached skill level 10 in Armour
 18018 | D:12     | HP: 5/168 [two-headed ogre/+0 giant spiked club (16)]
 18019 | D:12     | Killed a two-headed ogre
 18717 | D:12     | Noticed a boulder beetle
 18729 | D:12     | Killed a boulder beetle
 19242 | D:12     | Reached skill level 14 in Axes
 19717 | D:13     | You fall into a shaft and drop 2 floors!
 19717 | D:15     | Entered Level 15 of the Dungeon
 19736 | D:15     | Noticed a centaur warrior
 19742 | D:15     | Killed a centaur warrior
 20120 | D:15     | Reached XP level 13. HP: 85/119 MP: 4/12
 20355 | D:15     | Found a staircase to the Depths.
 21222 | D:15     | Slain by a stone giant zombie

Illustrated notes

Levels and vault maps discovered:
D:1:      tarquinn_simple_flora_water_f, layout_basic,
          hellmonk_ecumenical_altar_slurped_away
D:2:      minmay_razor_zed, layout_loops_ring
D:3:      layout_basic, portal_sewer_entry_f, chequers_jeans, uniq_terence
D:4:      layout_loops_cross, minmay_temple_entry_mini_moons
D:5:      layout_basic
D:6:      layout_loops_corners, ebering_ghost_sewer_f, serial_shops,
          kennysheep_little_box
D:7:      layout_basic, kennysheep_generic_room_4
D:8:      layout_loops_corners, uniq_psyche
D:9:      layout_roguey, lair_entry_dummy, uniq_erolcha
D:10:     layout_loops_ring, nicolae_qazlal_eye_of_the_storm,
          gammafunk_temple_overflow_wave, grunt_temple_overflow_cloverleaf,
          special_room [special_room_kobold], kennysheep_kite_vault
D:11:     layout_irregular_city, minmay_orc_entry_guard_dogs,
          minmay_diamond_spiral
D:12:     layout_long_grid
D:13:     layout_loops_corners, ximxim_vaults_locker_room,
          kennysheep_generic_room_5
D:15:     gammafunk_depths_entry_grave, layout_loops_cross

Skill      XL: |  1  2  3  4  5  6  7  8  9 10 11 12 |
---------------+-------------------------------------+-----
Axes           | 4 5 6 7 8 10 11 13 14 | 14.7
Fighting       | 4 5 6 7 8 9 11 12 | 12.9
Armour         | 3 4 5 6 7 9 10 | 10.8
Stealth        | 1 2 3 4 5 6 7 |  7.5
Dodging        | 3 4 5 6 7 8 9 |  9.5
Evocations     | 1 2 3 4 5 6 7 |  7.4
Short Blades   | |  0.3

Action                   |  1- 3 |  4- 6 |  7- 9 | 10-12 | 13-15 || total
-------------------------+-------+-------+-------+-------+-------++-------
Melee: Hand axe          |    97 |    65 |     1 |       |       ||   163
       Headbutt          |    14 |    17 |    34 |   109 |    32 ||   206
       Broad axe         |       |       |   126 |       |       ||   126
       Battleaxe         |       |       |    75 |   392 |       ||   467
       Punch             |       |       |     1 |     1 |       ||     2
       Executioner's axe |       |       |       |    64 |    82 ||   146
       Dagger            |       |       |       |    11 |       ||    11
Invok: Berserk           |       |     4 |     5 |    17 |     4 ||    30
       Trog's Hand       |       |       |       |     2 |       ||     2
Evoke: Wand              |       |       |       |     3 |     4 ||     7
  Use: Scroll            |       |     6 |     3 |     6 |     2 ||    17
       Potion            |       |       |       |     2 |     2 ||     4
 Stab: Paralysed         |       |       |       |       |     1 ||     1
Armor: Animal skin       |     4 |       |       |       |       ||     4
       Scale mail        |    31 |    26 |       |       |       ||    57
       Chain mail        |       |       |   101 |     8 |       ||   109
       Plate armour      |       |       |       |   314 |    52 ||   366
Dodge: Dodged            |    52 |    43 |    97 |   263 |    46 ||   501
